[Event "Late-Titled-Tuesday-Blitz-October-03-2023"]
[Site "Chess.com"]
[Date "2023.10.03"]
[Round "2"]
[White "arminmusovic"]
[Black "ViIIagra"]
[Result "0-1"]
[WhiteElo "2500"]
[BlackElo "2934"]
[TimeControl "180+1"]
[EndTime "14:18:55 PDT"]
[Termination "ViIIagra won on time"]

1. a3 h5 2. Nc3 h4 3. h3 d5 4.
e4 d4 5. Nce2 e5 6. f4 f6 7. Nf3 Bd6 8. d3 c5 9. fxe5 fxe5 10.
Bg5 Be7 11. Qd2 Nc6 12. Kf2 Be6 13. Bxe7 Qxe7 14. Qg5 Nf6 15. Kg1 Rh5 16. Qd2 O-O-O 17. b4 cxb4 18. axb4 Qxb4 19. Qxb4 Nxb4 20. g4 hxg3 21.
Nxg3 Rhh8 22. Nxe5 Kb8 23. Rh2 Rc8 24. Nc4 Bxc4 25. dxc4 Nc6 26. Bd3 Ne5 27. Rf1 Nxc4 28. Nf5 Ne5 29. Nxg7 Rcg8 30. Rg2 Nfd7 31. Ne6 Re8 32.
Nxd4 Rxh3 33. Bb5 Rh4 34. Bxd7 Nxd7 35. Nf5 Rh7 36. Nd6 Reh8 37. Rf7 Ne5 38. Rxh7 Rxh7 39. Kf2 Kc7 40. Nf5 a5 41. Ke3 a4 42. Kd4 Nc6+ 43.
Kc5 a3 44. c3 Rh3 45. Kc4 b5+ 46. Kxb5 Rxc3 47. Ka4 Kb6 48. Ra2 Na5 49. Nd6 Rd3 50.
e5 Re3 51. Rxa3 Rxe5 52. Rd3 Re1 53. Ka3 Kc5 54. Nc8 Kc4 55. Rh3 Nc6 56. Nb6+ Kc5 57.
Na4+ Kb5 58. Rb3+ Ka5 59. Nc3 Nd4 60. Rb8 Rc1 61. Ra8+ Kb6 62. Na4+ Kb7 63. Rh8 Ra1+ 64. Kb2 Rxa4 65. Kc3 Kb6 66. Rb8+ Kc5 67. Rh8 Nc6 68.
Rh5+ Kd6 69. Kb3 Re4 70. Kc3 Ne5 71. Rh8 Kc5 72. Rh5 Re3+ 73. Kd2 Re4 74. Kc3 Kd5 75. Rg5 Re3+ 76. Kd2 Kd4 77. Rh5 Nc4+ 78. Kc2 Re2+ 79.
Kb3 Rb2+ 80. Ka4 Ne5 81. Rh4+ Kc5 82. Rh5 Kc4 83. Rh4+ Kc3 84. Ka3 Rb6 85. Rh3+ Nd3 86. Ka4 Kc4 87. Rh4+ Kc3 88. Rh3 Rb8 89. Ka5 Kc4 90.
Ka6 Ne5 91. Ka7 Rb5 92. Rh5 Nc6+ 0-1

[Event "Late-Titled-Tuesday-Blitz-October-03-2023"]
[Site "Chess.com"]
[Date "2023.10.03"]
[Round "2"]
[White "Danishcrown"]
[Black "GameOverBro"]
[Result "1/2-1/2"]
[WhiteElo "2141"]
[BlackElo "2420"]
[TimeControl "180+1"]
[EndTime "14:19:10 PDT"]
[Termination "Game drawn by 50-move rule"]

1. d4 Nf6 2. Bf4 d6 3. e3 Nbd7 4. Nf3 Nh5 5. Bg3 Nxg3 6. hxg3 g6 7. Nbd2 Bg7 8. Bd3 c5 9. c3 Rb8 10. Qe2 a6 11. e4 b5 12. e5 Nf8 13. O-O c4 14. Bc2 Ne6 15. exd6 Qxd6 16. Ne4 Qd5 17. b3 O-O 18. bxc4 bxc4 19. Rab1 Bb7 20. Ned2 Qa5 21. Nxc4 Qxc3 22. Nce5 Nxd4 23. Nxd4 Qxd4 24. Nf3 Qf6 25. Bb3 e6 26. Rfd1 a5 27. Bc4 Bxf3 28.
gxf3 Rbc8 29. Kg2 Rc5 30. Rb7 Qc3 31. Bb3 h5 32. Rdd7 Re5 33. Qc4 Qxc4 34. Bxc4 Bf6 35. f4 Rc5 36. Bb3 Rcc8 37. Ra7 Bc3 38. Rdc7 Rxc7 39.
Rxc7 Bb4 40. Rb7 Rd8 41. Rc7 Rd2 42. Rc2 Rd3 43. Re2 Kg7 44. Rc2 Kf6 45. Re2 Bc5 46.
Rc2 Bd4 47. Bc4 Ra3 48. Rd2 Bc5 49. Rc2 a4 50. Rd2 Ke7 51. Rd3 Rxd3 52. Bxd3 a3 53.
Bb5 Kd6 54. Be8 Ke7 55. Ba4 Kf6 56.
Kf3 g5 57. fxg5+ Kxg5 58. Be8 Kf6 59. Ba4 Ke7 60. Bd1 Kf6 61. Kg2 Kg5 62. Kf3 f5 63.
Bb3 e5 64. Bc2 e4+ 65. Kg2 Kg4 66. Bd1+ Kg5 67. Be2 Bd4 68. Bd1 h4 69. gxh4+ Kxh4 70. f3 e3 71. Kf1 Kg3 72. Ke2 Kf4 73. Bb3 Bb2 74. Bg8 Bc1 75. Bb3 Bd2 76. Bc4 Ke5 77.
Bb3 f4 78. Bc4 Kd4 79. Bb3 Kc3 80. Bg8 Kb2 81. Bf7 Kc1 82. Bg8 Kc2 83. Bf7 Kc3 84. Bg8 Kd4 85. Bf7 Ke5 86. Bg8 Kf6 87. Bb3 Ke7 88.
Bd1 Kd6 89. Bb3 Kc5 90. Bc4 Kd4 91. Bb3 Ke5 92. Bg8 Kd6 93. Bf7 Ke7 94. Bg8 Kf8 95. Bb3 Ke7 96. Bc4 Ke8 97. Bb3 Kf8 98. Bc4 Kg7 99. Bb3 Kf6 100. Kd3 Ke5 101. Ke2 Kd6 102.
Bg8 Kc5 103. Bh7 Bc3 104. Bg8 Bb2 105. Bb3 Kd4 106. Bg8 Ke5 107. Bb3 Kf6 108. Bg8 Kg7 109. Bb3 Kf8 110. Bc4 Ke8 111. Bb3 Ke7 112. Bc4 Kf8 113. Bb3 Ke8 114. Bc2 Ke7 115. Be4 Kd6 116. Bc2 Kc6 117. Bb3 Kc5 118. Bg8 Kb4 119. Bf7 Bc1 120. Bg8 Bd2 121. Bf7 Bc3 122. Bg8 Be5 123. Bf7 Bf6 124. Bg8 Bg5 125. Bb3 Bh4 126. Bg8 Kc3 127. Bb3 Kb2 1/2-1/2

[Event "Late-Titled-Tuesday-Blitz-October-03-2023"]
[Site "Chess.com"]
[Date "2023.10.03"]
[Round "3"]
[White "jcibarra"]
[Black "Savagelittlemole"]
[Result "1-0"]
[WhiteElo "2948"]
[BlackElo "2566"]
[TimeControl "180+1"]
[EndTime "14:20:42 PDT"]
[Termination "jcibarra won by resignation"]

1. e4 c5 2. Nf3 d6 3. c3 Nf6 4. h3 Nc6 5. Bd3 g6 6. Bc2 Bg7 7. O-O Nd4 8. cxd4 cxd4 9. Nxd4 O-O 10. Nf3 b6 11. d4 Bb7 12. Nc3 Rc8 13. Re1 Qc7 14. Bg5 1-0

[Event "Late-Titled-Tuesday-Blitz-October-03-2023"]
[Site "Chess.com"]
[Date "2023.10.03"]
[Round "3"]
[White "dretch"]
[Black "JG-17"]
[Result "1-0"]
[WhiteElo "2837"]
[BlackElo "2505"]
[TimeControl "180+1"]
[EndTime "14:22:10 PDT"]
[Termination "dretch won by resignation"]

1. d4 d5 2. c4 e6 3. Nc3 c6 4. e3 Nf6 5. Bd3 Nbd7 6. cxd5 exd5 7.
Nge2 Bd6 8. f3 O-O 9. e4 dxe4 10.
fxe4 c5 11. e5 cxd4 12. exd6 dxc3 13. O-O Nc5 14. Nxc3 Bg4 15. Be2 Bxe2 16. Nxe2 Nce4 17. Bf4 Qb6+ 18. Qd4 Qxd4+ 19. Nxd4 Rad8 20. Nf5 Nd5 21. Ne7+ 1-0

[Event "Late-Titled-Tuesday-Blitz-October-03-2023"]
[Site "Chess.com"]
[Date "2023.10.03"]
[Round "3"]
[White "aistrel"]
[Black "KVAIDAN"]
[Result "1-0"]
[WhiteElo "2520"]
[BlackElo "2264"]
[TimeControl "180+1"]
[EndTime "14:22:12 PDT"]
[Termination "aistrel won by resignation"]

1. d4 e6 2. e4 f5 3. exf5 exf5 4. Bf4 Nf6 5. Nc3 b6 6. Nb5 Bb7 7. Nxc7+ Kf7 8. Nxa8 Bxa8 9. Bc4+ d5 10. Bd3 Ne4 11. f3 Nf6 12. Bxf5 Bb4+ 13. c3 Re8+ 14. Ne2 Bd6 15.
Bxd6 Qxd6 16. O-O Bc6 17. Bd3 Nbd7 18. Qd2 Kg8 19. Rae1 Rf8 20. Qf4 Qe7 21. Ng3 Qf7 22. Qd6 Ba8 23. Re7 1-0

[Event "Late-Titled-Tuesday-Blitz-October-03-2023"]
[Site "Chess.com"]
[Date "2023.10.03"]
[Round "3"]
[White "Battever"]
[Black "Mbneu"]
[Result "1-0"]
[WhiteElo "2518"]
[BlackElo "2229"]
[TimeControl "180+1"]
[EndTime "14:22:14 PDT"]
[Termination "Battever won by resignation"]

1. Nc3 d5 2. d4 e6 3. Bf4 Bd6 4. e3 Ne7 5. Nf3 O-O 6. Bd3 Nf5 7. g4 Nh4 8. Nxh4 Qxh4 9. Qf3 Nc6 10. Bg3 Qf6 11.
Qg2 e5 12. Nxd5 Qe6 13. Bf5 Qe8 14. O-O-O Be6 15. Qh3 g6 16. Nf6+ 1-0

[Event "Late-Titled-Tuesday-Blitz-October-03-2023"]
[Site "Chess.com"]
[Date "2023.10.03"]
[Round "3"]
[White "whiteglovethief"]
[Black "HanSchut"]
[Result "0-1"]
[WhiteElo "2477"]
[BlackElo "2336"]
[TimeControl "180+1"]
[EndTime "14:22:21 PDT"]
[Termination "HanSchut won by resignation"]

1. d4 Nf6 2. c4 g6 3. Nc3 d5 4. g3 Bg7 5. Bg2 dxc4 6. e4 O-O 7. e5 Nfd7 8. Nge2 c5 9. e6 fxe6 10. d5 Nb6 11. Be3 Na6 12. Nf4 exd5 13. Nfxd5 e6 14. Nxb6 Qxb6 15. Qe2 Nb4 16. Qxc4 Nc2+ 17.
Kf1 Nxe3+ 0-1

[Event "Late-Titled-Tuesday-Blitz-October-03-2023"]
[Site "Chess.com"]
[Date "2023.10.03"]
[Round "3"]
[White "tomozupan"]
[Black "Sjakkerntobi"]
[Result "1-0"]
[WhiteElo "2246"]
[BlackElo "2503"]
[TimeControl "180+1"]
[EndTime "14:22:33 PDT"]
[Termination "tomozupan won by resignation"]

1. d4 Nf6 2. Bg5 Ne4 3. Bf4 c5 4. f3 Nf6 5. d5 e6 6. e4 exd5 7. e5 Nh5 8. Bc1 Qh4+ 9. Ke2 Nc6 10. Qxd5 Nd4+ 11. Kd1 Ng3 12. Bc4 Ne6 13. hxg3 Qxh1 14.
Be3 Qxg2 15. Nc3 a6 16. f4 g6 17. Qxg2 1-0

[Event "Late-Titled-Tuesday-Blitz-October-03-2023"]
[Site "Chess.com"]
[Date "2023.10.03"]
[Round "3"]
[White "GameOverBro"]
[Black "akanga001"]
[Result "1-0"]
[WhiteElo "2422"]
[BlackElo "2017"]
[TimeControl "180+1"]
[EndTime "14:22:45 PDT"]
[Termination "GameOverBro won by checkmate"]

1. e4 e6 2. d4 d5 3. Nd2 c5 4.
exd5 Qxd5 5. Ngf3 Nf6 6. Bc4 Qd7 7. Nb3 b5 8. Be2 c4 9. Nc5 Qc7 10. a4 Bxc5 11. dxc5 Qxc5 12. axb5 Qxb5 13. O-O Bb7 14. b3 Bd5 15. Ba3 Nc6 16. Nd4 Nxd4 17. Qxd4 Qc6 18.
Rfd1 Bxg2 19. Bxc4 Bh3 20. f3 Qxf3 21. Bb5+ Nd7 22.
Qxd7# 1-0

[Event "Late-Titled-Tuesday-Blitz-October-03-2023"]
[Site "Chess.com"]
[Date "2023.10.03"]
[Round "3"]
[White "AjedrezenMadrid"]
[Black "Andrej2004"]
[Result "1-0"]
[WhiteElo "2472"]
[BlackElo "2629"]
[TimeControl "180+1"]
[EndTime "14:22:52 PDT"]
[Termination "AjedrezenMadrid won by resignation"]

1. b3 b6 2. Bb2 Bb7 3. Nf3 Nf6 4. g3 g6 5. Bg2 Bg7 6. O-O O-O 7. e3 d6 8. d4 Nbd7 9. c4 Ne4 10. Nfd2 f5 11.
Nxe4 Bxe4 12. Bxe4 fxe4 13. Nc3 Nf6 14. Qc2 Qd7 15.
Nxe4 Nh5 16. Ng5 Rf5 17. Qe4 Qe8 18. f4 h6 19. g4 Nf6 20. Qe6+ Kh8 21. Nf7+ 1-0

[Event "Late-Titled-Tuesday-Blitz-October-03-2023"]
[Site "Chess.com"]
[Date "2023.10.03"]
[Round "3"]
[White "HElissalt"]
[Black "angelgab3"]
[Result "0-1"]
[WhiteElo "2369"]
[BlackElo "2577"]
[TimeControl "180+1"]
[EndTime "14:22:55 PDT"]
[Termination "angelgab3 won by resignation"]

1. d4 Nf6 2. c4 e6 3. Nf3 d5 4. Bg5 dxc4 5. Qa4+ Nbd7 6. Qxc4 a6 7. g3 b5 8. Qc2 Bb7 9. Bg2 h6 10. Bxf6 Nxf6 11. Nbd2 Be7 12. O-O O-O 13. Rac1 Rc8 14. Rfd1 c5 15. dxc5 Bxc5 16. Qb1 Bxf2+ 17. Kxf2 Ng4+ 18. Ke1 Qb6 19. Ne4 Bxe4 20. Qxe4 Qf2+ 0-1

[Event "Late-Titled-Tuesday-Blitz-October-03-2023"]
[Site "Chess.com"]
[Date "2023.10.03"]
[Round "3"]
[White "RIPOL"]
[Black "microbear"]
[Result "1-0"]
[WhiteElo "2437"]
[BlackElo "2188"]
[TimeControl "180+1"]
[EndTime "14:23:15 PDT"]
[Termination "RIPOL won by resignation"]

1. d4 Nf6 2. Bg5 c5 3. Bxf6 gxf6 4. d5 d6 5. c4 b5 6. cxb5 a6 7. bxa6 Bg7 8. Nc3 f5 9. Qc2 Qa5 10. Nf3 Nxa6 11. Nd2 Nb4 12. Qc1 Ba6 13. g3 O-O 14. Bh3 Bc4 15. Nxc4 Bxc3+ 16. bxc3 Nxd5 17. O-O Qxc3 18. Bg2 1-0

[Event "Late-Titled-Tuesday-Blitz-October-03-2023"]
[Site "Chess.com"]
[Date "2023.10.03"]
[Round "3"]
[White "Hirna2005"]
[Black "maurovargas01"]
[Result "1-0"]
[WhiteElo "2305"]
[BlackElo "1904"]
[TimeControl "180+1"]
[EndTime "14:23:15 PDT"]
[Termination "Hirna2005 won by checkmate"]

1. e4 c6 2. Nc3 d5 3. Nf3 dxe4 4. Nxe4 Nf6 5. Qe2 Nxe4 6. Qxe4 Qd5 7. Qf4 Qh5 8. h3 e6 9. d4 Qg6 10. Ne5 Qxc2 11. Qxf7+ Kd8 12. Bg5+ Be7 13. Qxe7# 1-0

[Event "Late-Titled-Tuesday-Blitz-October-03-2023"]
[Site "Chess.com"]
[Date "2023.10.03"]
[Round "3"]
[White "The_Straightforward_Rook"]
[Black "Fandorine"]
[Result "0-1"]
[WhiteElo "2558"]
[BlackElo "2942"]
[TimeControl "180+1"]
[EndTime "14:23:18 PDT"]
[Termination "Fandorine won by resignation"]

1. d4 Nf6 2. c4 d6 3. Nf3 g6 4. e3 Bg7 5. Be2 O-O 6. Nc3 Nbd7 7.
O-O e5 8. b4 exd4 9. exd4 d5 10. c5 Re8 11. h3 Nf8 12. Bf4 Bf5 13. a4 Ne6 14. Bh2 Ne4 15. Ra3 a5 16. bxa5 N6xc5 17. Nxd5 Qxd5 18. dxc5 Qxc5 19. Rb3 Nc3 20. Rxc3 Qxc3 0-1

[Event "Late-Titled-Tuesday-Blitz-October-03-2023"]
[Site "Chess.com"]
[Date "2023.10.03"]
[Round "3"]
[White "Casper"]
[Black "louis198"]
[Result "0-1"]
[WhiteElo "2436"]
[BlackElo "2621"]
[TimeControl "180+1"]
[EndTime "14:23:24 PDT"]
[Termination "louis198 won by resignation"]

1. e4 e6 2. d4 d5 3. Bd3 Nc6 4. Nf3 Nb4 5. O-O Nxd3 6. Qxd3 Nf6 7. exd5 exd5 8. Re1+ Be7 9. Nc3 O-O 10. h3 h6 11. Bf4 c6 12. Re2 Bd6 13. Be5 a5 14.
Rae1 b6 15. Re3 Ba6 16. Qd2 Bb4 17. a3 Ne4 18. Qd1 Nxc3 19. bxc3 Bxa3 20. Nh2 Bd6 21. Qh5 Bxe5 22. Rxe5 Bc8 23. R1e3 a4 24. Rg3 Qf6 25.
Ng4 Bxg4 26. Qxg4 a3 27. Rf5 Qg6 28. Qf4 a2 0-1

[Event "Late-Titled-Tuesday-Blitz-October-03-2023"]
[Site "Chess.com"]
[Date "2023.10.03"]
[Round "3"]
[White "Mops_2004"]
[Black "Leebit02"]
[Result "1-0"]
[WhiteElo "2814"]
[BlackElo "2497"]
[TimeControl "180+1"]
[EndTime "14:23:41 PDT"]
[Termination "Mops_2004 won by resignation"]

1. g3 d5 2. Nf3 Nf6 3. Bg2 e6 4. O-O Be7 5. c4 O-O 6. b3 d4 7. e3 c5 8. Ne5 Nfd7 9. exd4 cxd4 10. Nxd7 Qxd7 11. d3 Nc6 12. Ba3 a5 13. Re1 Re8 14.
Bxe7 Qxe7 15. Nd2 e5 16. f4 Qc7 17. Qh5 g6 18. Qg5 Bf5 19. Be4 Bxe4 20. Nxe4 Re6 21. f5 h6 22. Qxh6 gxf5 23. Nf6+ 1-0

[Event "Late-Titled-Tuesday-Blitz-October-03-2023"]
[Site "Chess.com"]
[Date "2023.10.03"]
[Round "3"]
[White "biostatistician"]
[Black "SergioMoralesG"]
[Result "1-0"]
[WhiteElo "2622"]
[BlackElo "2441"]
[TimeControl "180+1"]
[EndTime "14:23:41 PDT"]
[Termination "biostatistician won by checkmate"]

1. d4 d5 2. Nf3 Nf6 3. c4 c6 4.
cxd5 cxd5 5. Nc3 Nc6 6. Bf4 Bf5 7. e3 e6 8. Qb3 Bb4 9. Bb5 O-O 10. O-O Bxc3 11. Qxc3 Rc8 12. Rfc1 a6 13. Bxc6 Rxc6 14.
Qe1 Qb6 15. Rxc6 Qxc6 16. Rc1 Qb5 17. b3 Nd7 18. Qc3 h6 19. Qc7 g5 20. Bd6 Re8 21.
h4 g4 22. Ne5 Nxe5 23. Bxe5 Kh7 24. Qxf7# 1-0

[Event "Late-Titled-Tuesday-Blitz-October-03-2023"]
[Site "Chess.com"]
[Date "2023.10.03"]
[Round "3"]
[White "lemures27"]
[Black "Mikhail_Golubev"]
[Result "1/2-1/2"]
[WhiteElo "2435"]
[BlackElo "2607"]
[TimeControl "180+1"]
[EndTime "14:23:50 PDT"]
[Termination "Game drawn by repetition"]

1. d4 Nf6 2. c4 g6 3. Nf3 Bg7 4. Nc3 O-O 5. e4 d6 6. Be2 e5 7. Be3 h6 8. d5 Ng4 9. Bc1 f5 10. h3 Nf6 11. Nd2 a5 12. g4 Na6 13. gxf5 gxf5 14. Rg1 Nc5 15. Nb3 Nfxe4 16. Nxc5 Nxf2 17. Kxf2 Qh4+ 18. Kg2 f4 19. Ne6 Bxe6 20. dxe6 Qg3+ 21. Kf1 Qxh3+ 22. Kf2 Qh4+ 23. Kf3 Qh3+ 24. Kf2 Qh4+ 25. Kf1 Qh3+ 26. Kf2 1/2-1/2

[Event "Late-Titled-Tuesday-Blitz-October-03-2023"]
[Site "Chess.com"]
[Date "2023.10.03"]
[Round "3"]
[White "quvnoq_muxlis"]
[Black "NMZanette"]
[Result "1-0"]
[WhiteElo "2775"]
[BlackElo "2296"]
[TimeControl "180+1"]
[EndTime "14:23:50 PDT"]
[Termination "quvnoq_muxlis won by resignation"]

1. e4 c5 2. Nf3 d6 3. d4 cxd4 4. Nxd4 Nf6 5. Nc3 a6 6. Be2 e5 7.
Nb3 Be7 8. g4 h6 9. h4 Be6 10.
Be3 Nc6 11. Rg1 Nd7 12. g5 hxg5 13. hxg5 g6 14. Nd5 Rc8 15. Qd2 Nc5 16. O-O-O Nxb3+ 17. axb3 Bxd5 18. exd5 Qa5 19. Qxa5 Nxa5 20. Kb1 b5 21.
Rh1 Rf8 22. Bg4 Rb8 23. Rde1 Kd8 24. f4 exf4 25. Bxf4 Nb7 26. b4 a5 27. bxa5 Nxa5 28. Rxe7 Kxe7 29. Re1+ Kd8 30. Bxd6 1-0

[Event "Late-Titled-Tuesday-Blitz-October-03-2023"]
[Site "Chess.com"]
[Date "2023.10.03"]
[Round "3"]
[White "ArtemDyachuk"]
[Black "rasmussvane"]
[Result "1/2-1/2"]
[WhiteElo "2682"]
[BlackElo "2989"]
[TimeControl "180+1"]
[EndTime "14:23:58 PDT"]
[Termination "Game drawn by agreement"]

1. e4 c6 2. d4 d5 3. e5 Bf5 4.
Nd2 e6 5. Nb3 Nd7 6. Nf3 a6 7.
a4 c5 8. dxc5 Nxc5 9. Nbd4 Bg4 10.
h3 Bxf3 11. Nxf3 Ne7 12. Be2 Nc6 13. O-O Qc7 14. Bf4 f6 15. Re1 fxe5 16. Nxe5 Bd6 17. Nxc6 Bxf4 18. Nd4 O-O 19. Bg4 Bh2+ 20. Kh1 Rxf2 21.
Nxe6 Nxe6 22. Bxe6+ Kh8 23. Bxd5 1/2-1/2

[Event "Late-Titled-Tuesday-Blitz-October-03-2023"]
[Site "Chess.com"]
[Date "2023.10.03"]
[Round "3"]
[White "Njal28"]
[Black "Alexei_Gubajdullin"]
[Result "1-0"]
[WhiteElo "3101"]
[BlackElo "2761"]
[TimeControl "180+1"]
[EndTime "14:24:02 PDT"]
[Termination "Njal28 won by resignation"]

1. e4 g6 2. d4 Bg7 3. Nc3 d6 4. Nf3 a6 5. Be3 Nd7 6. Qd2 b5 7.
a4 b4 8. Ne2 Ngf6 9. Ng3 a5 10.
Bh6 Bxh6 11. Qxh6 Ng4 12. Qg7 Ndf6 13. Ng5 Rf8 14. h3 h6 15. hxg4 hxg5 16. Bb5+ Bd7 17. Rh8 Nh7 18. Qxh7 e6 19. Rxf8+ Kxf8 20. Qh8+ Ke7 21.
Qxd8+ Rxd8 22. Bxd7 Kxd7 23. Ke2 Rb8 24. Rh1 Ke7 25.
b3 Rc8 26. Nf1 c5 27. d5 e5 28. Ne3 Ra8 29. Nc4 Ra6 30. Rh8 Kf6 31. Rd8 Ke7 32. Rb8 Kf6 33. Rb6 1-0

[Event "Late-Titled-Tuesday-Blitz-October-03-2023"]
[Site "Chess.com"]
[Date "2023.10.03"]
[Round "3"]
[White "PNEPaul"]
[Black "NCchamp"]
[Result "0-1"]
[WhiteElo "1945"]
[BlackElo "2318"]
[TimeControl "180+1"]
[EndTime "14:24:05 PDT"]
[Termination "NCchamp won by resignation"]

1. e4 c6 2. d4 d5 3. exd5 cxd5 4.
c4 Nf6 5. Nc3 g6 6. Nf3 Bg7 7.
Be2 O-O 8. O-O dxc4 9. Bxc4 Bg4 10.
Be2 Nc6 11. Be3 Nd5 12. Nxd5 Qxd5 13. Qd2 Rfd8 14. Rfd1 e6 15. h3 Bxf3 16. Bxf3 Qb5 17. Bxc6 Qxc6 18. Rac1 Qa6 19. b3 Rd7 20. Bh6 Rxd4 21.
Qxd4 Bxd4 22. Rxd4 Qxa2 23. Rcd1 Qa5 24. Rd7 Re8 25.
Rxb7 Qh5 26. Be3 Qxd1+ 0-1

[Event "Late-Titled-Tuesday-Blitz-October-03-2023"]
[Site "Chess.com"]
[Date "2023.10.03"]
[Round "3"]
[White "angryspacevoid"]
[Black "FaustinoOro"]
[Result "0-1"]
[WhiteElo "2538"]
[BlackElo "2880"]
[TimeControl "180+1"]
[EndTime "14:24:14 PDT"]
[Termination "FaustinoOro won by resignation"]

1. e4 e5 2. d4 exd4 3. Qxd4 Nc6 4. Qe3 g6 5. Nc3 Bg7 6. Bd2 Nf6 7. O-O-O O-O 8.
Bc4 Re8 9. f3 Na5 10. Bd3 d5 11. Qf2 Nc6 12. Bg5 h6 13. Bxf6 Qxf6 14. exd5 Nb4 15. Kb1 Nxd5 16. Nge2 Rxe2 17. Qxe2 Nxc3+ 18. bxc3 Qxc3 19. Kc1 Be6 20. Qe1 Qa3+ 0-1

[Event "Late-Titled-Tuesday-Blitz-October-03-2023"]
[Site "Chess.com"]
[Date "2023.10.03"]
[Round "3"]
[White "venturov"]
[Black "Arystanner"]
[Result "0-1"]
[WhiteElo "2499"]
[BlackElo "2827"]
[TimeControl "180+1"]
[EndTime "14:24:16 PDT"]
[Termination "Arystanner won by resignation"]

1. Nf3 d5 2. e3 Nf6 3. c4 e6 4. b3 Bd6 5. Bb2 O-O 6. Nc3 c5 7. cxd5 exd5 8. d4 cxd4 9. Nxd4 Nc6 10.
Be2 Nxd4 11. Qxd4 Re8 12. O-O Be5 13. Qd1 Bf5 14. Na4 Bxb2 15. Nxb2 Rc8 16. Nd3 Ne4 17.
Rc1 Nc3 18. Qd2 d4 19. Nf4 g5 20. Nh5 dxe3 21. Qb2 Qd2 22. Qxd2 exd2 23. Rxc3 Rxc3 24.
Nf6+ Kf8 25. Nxe8 Kxe8 26. f3 Rc1 27. Bd1 Bd3 0-1

[Event "Late-Titled-Tuesday-Blitz-October-03-2023"]
[Site "Chess.com"]
[Date "2023.10.03"]
[Round "3"]
[White "kaanadayhamle"]
[Black "chessisveryfun1264"]
[Result "0-1"]
[WhiteElo "2412"]
[BlackElo "2606"]
[TimeControl "180+1"]
[EndTime "14:24:21 PDT"]
[Termination "chessisveryfun1264 won by checkmate"]

1. Nf3 e6 2. g3 b5 3. Bg2 Bb7 4. O-O Nf6 5. d4 g6 6. Bg5 Bg7 7. Nbd2 O-O 8. e4 h6 9. Bxf6 Qxf6 10. c3 d6 11. Qe2 a6 12. Rfe1 c5 13. e5 dxe5 14.
dxc5 Nd7 15. b4 Qe7 16. Ne4 Bd5 17. Nd6 f5 18. Nh4 Kh7 19. Bxd5 exd5 20. Rad1 e4 21. Rxd5 Bxc3 22. a3 Bxe1 23. Qxe1 Ne5 24. Qd1 Rad8 25.
Kg2 Qe6 26. Qd4 Nc6 27. Qd1 Ne7 28. Rd4 g5 29. Nhxf5 Nxf5 30. Nxf5 Qxf5 31. Rxd8 Qxf2+ 32. Kh1 Rxd8 33. Qxd8 Qf1# 0-1

[Event "Late-Titled-Tuesday-Blitz-October-03-2023"]
[Site "Chess.com"]
[Date "2023.10.03"]
[Round "3"]
[White "flukeyNZ"]
[Black "queen_iryna"]
[Result "1-0"]
[WhiteElo "2183"]
[BlackElo "2360"]
[TimeControl "180+1"]
[EndTime "14:24:32 PDT"]
[Termination "flukeyNZ won by resignation"]

1. d4 d6 2. e4 Nf6 3. Nc3 e5 4. Bc4 Nbd7 5. Nf3 Be7 6. O-O c6 7. a4 h6 8. h3 g5 9. dxe5 dxe5 10.
Kh1 Qc7 11. Rb1 Nf8 12. Ne1 Be6 13. Qe2 Bxc4 14. Qxc4 Ne6 15. Be3 g4 16. h4 h5 17. g3 Rd8 18. Ng2 Kf8 19. Rfd1 Kg7 20. b4 Rxd1+ 21. Rxd1 Rd8 22. Rxd8 Qxd8 23. b5 cxb5 24.
axb5 Qa5 25. Bd2 Qa1+ 26. Kh2 Qe1 27. Bxe1 1-0

[Event "Late-Titled-Tuesday-Blitz-October-03-2023"]
[Site "Chess.com"]
[Date "2023.10.03"]
[Round "3"]
[White "Angry_Twin"]
[Black "Maestro1986"]
[Result "1-0"]
[WhiteElo "2927"]
[BlackElo "2555"]
[TimeControl "180+1"]
[EndTime "14:24:34 PDT"]
[Termination "Angry_Twin won by resignation"]

1. e4 c5 2. Nf3 Nf6 3. e5 Nd5 4. Nc3 Nxc3 5. dxc3 Nc6 6. Bf4 Qb6 7. Qc1 h6 8. Bd3 e6 9. O-O Qc7 10. Qe3 g5 11. Bg3 Bg7 12. Rfe1 b6 13. Nd2 Bb7 14. Nc4 O-O 15. Nd6 Ne7 16. Rad1 Ng6 17. c4 Bc6 18. c3 Qd8 19. f3 f5 20. exf6 Qxf6 21. Be4 Bxe4 22. Nxe4 Qf7 23. Rd6 Be5 24. Bxe5 Nxe5 25. Nxg5 Nxc4 26. Nxf7 Nxe3 27. Nxh6+ Kg7 28. Rxd7+ Kxh6 29. Rxe3 Rf6 30. Re7 Rd8 31. R7xe6 Rxe6 32. Rxe6+ Kg5 33. Kf2 Kf5 34. Re2 a5 35. g4+ Kf6 36.
Kg3 a4 37. a3 Rd3 38. h4 b5 39. Kf4 b4 40. axb4 cxb4 41. cxb4 Rb3 42. g5+ Kg6 43.
Kg4 Rxb4+ 44. f4 Rb3 45. h5+ Kg7 46. Re7+ Kf8 47. Ra7 Rb4 48. h6 Rxb2 49. Rxa4 Ra2 1-0

[Event "Late-Titled-Tuesday-Blitz-October-03-2023"]
[Site "Chess.com"]
[Date "2023.10.03"]
[Round "3"]
[White "ViIIagra"]
[Black "Let_it_be_1"]
[Result "1-0"]
[WhiteElo "2936"]
[BlackElo "2637"]
[TimeControl "180+1"]
[EndTime "14:24:37 PDT"]
[Termination "ViIIagra won by resignation"]

1. d4 d5 2. Nd2 e6 3. e3 Nf6 4. Bd3 b6 5. Qe2 Be7 6. Ngf3 O-O 7. Ne5 c5 8. c3 a5 9. a4 Ba6 10. Bb5 Bxb5 11. axb5 Nfd7 12. Nef3 Qc7 13. O-O e5 14.
dxe5 Nxe5 15. e4 Nxf3+ 16. Nxf3 dxe4 17. Qxe4 Ra7 18. Re1 Bd6 19. Ng5 g6 20. Qh4 h5 21.
Ne4 Be7 22. Bg5 Bxg5 23. Qxg5 Nd7 24. Rad1 Kg7 25. Ng3 Kh7 26. Re7 Qd8 27. Nf5 gxf5 28.
Qxh5+ Kg7 29. Qg5+ Kh7 30. Qxf5+ Kg7 31. Qg5+ Kh7 32.
Rxf7+ Rxf7 33. Qxd8 Nf6 34. Qxb6 1-0

[Event "Late-Titled-Tuesday-Blitz-October-03-2023"]
[Site "Chess.com"]
[Date "2023.10.03"]
[Round "3"]
[White "protectiago"]
[Black "SpeedofLight0"]
[Result "0-1"]
[WhiteElo "2063"]
[BlackElo "3019"]
[TimeControl "180+1"]
[EndTime "14:24:44 PDT"]
[Termination "SpeedofLight0 won by resignation"]

1. d4 d6 2. c4 Nd7 3. Nf3 e5 4. dxe5 dxe5 5. e4 Ngf6 6. Qc2 Bb4+ 7. Bd2 a5 8. Be2 O-O 9. O-O c6 10. Bc3 Re8 11. Rd1 Qc7 12. a3 Bf8 13. Nbd2 a4 14. b4 axb3 15. Nxb3 b6 16. Bb4 c5 17. Bc3 Bb7 18.
Nbd2 Nb8 19. Qb2 Nc6 20. Bf1 Nd4 21. Re1 Bd6 22. Bd3 Bc6 23. Rab1 Ra6 24. Qc1 Rea8 25.
Bb2 Nd7 26. Nh4 g6 27. g3 Qd8 28. Ng2 Be7 29. f4 exf4 30. Nxf4 Ne5 31. Nd5 Nxd3 0-1

[Event "Late-Titled-Tuesday-Blitz-October-03-2023"]
[Site "Chess.com"]
[Date "2023.10.03"]
[Round "3"]
[White "ritanovikova"]
[Black "Good_Knight_Kiss"]
[Result "0-1"]
[WhiteElo "2181"]
[BlackElo "2426"]
[TimeControl "180+1"]
[EndTime "14:24:44 PDT"]
[Termination "Good_Knight_Kiss won by resignation"]

1. d4 Nf6 2. Bf4 g6 3. Nf3 Bg7 4. c3 d6 5. Nbd2 O-O 6. h3 Nfd7 7. e4 e5 8. Bg5 Qe8 9. Bd3 Nc6 10. d5 Ne7 11. c4 f5 12. Bxe7 Qxe7 13. O-O f4 14. b4 g5 15. Rc1 h5 16. Kh1 g4 17. Ng1 Qh4 18. c5 Nf6 19. Ne2 f3 20. Ng3 fxg2+ 21. Kxg2 Qxh3+ 22. Kg1 h4 23. Nf5 Bxf5 24. exf5 Bh6 25.
Ne4 Bf4 26. Nxf6+ Rxf6 27. Re1 Bh2+ 28. Kh1 Bg3+ 29. Kg1 Qh2+ 0-1